 Dungeon Crawl Stone Soup version 0.25-a0-663-gace7076f2c (webtiles) character file.

Game seed: 4615747896722696707, levelgen mode: deterministic

1311 ReteAZ the Ruffian (level 8, -2/70 HPs)
             Began as a Ghoul Fighter on Mar 25, 2020.
             Was an Initiate of Makhleb.
             Slain by a hornet (12 damage)
             ... on level 5 of the Dungeon.
             The game lasted 00:07:25 (4561 turns).

ReteAZ the Ruffian (Ghoul Fighter)                  Turns: 4561, Time: 00:07:26

Health: -2/70      AC: 10    Str: 20    XL:     8   Next: 58%
Magic:  7/7        EV:  7    Int:  5    God:    Makhleb [......]
Gold:   97         SH:  9    Dex:  8    Spells: 7/7 levels left

rFire    . . .     SeeInvis .     - Unarmed
rCold    + + .     Gourm    .   b - +0 kite shield
rNeg     + + +     Faith    .   a - +0 scale mail
rPois    ∞         Spirit   .   (no helmet)
rElec    .         Reflect  .   m - +0 cloak
rCorr    .         Harm     .   j - +0 pair of gloves
MR       .....                  p - +0 pair of boots
Stlth    ..........             (no amulet)
HPRegen  0.00/turn              r - ring of flight
MPRegen  0.10/turn              C - ring of protection from cold

@: rotting
A: rotting body, claws 1, carnivore, cold resistance 1, negative energy
resistance 3, inhibited regeneration, torment resistance, unbreathing
a: Renounce Religion, Evoke Flight


You were on level 5 of the Dungeon.
You worshipped Makhleb.
Makhleb was noncommittal.
You were not hungry.

You visited 2 branches of the dungeon, and saw 6 of its levels.

You collected 251 gold pieces.
You spent 154 gold pieces at shops.

Inventory:

Missiles
 n - 10 boomerangs
 v - 19 poisoned darts (quivered)
Armour
 a - a +0 scale mail (worn)
 b - a +0 kite shield (worn)
 j - a +0 pair of gloves (worn)
 m - a +0 cloak (worn)
 p - a +0 pair of boots (worn)
Jewellery
 r - a ring of flight (left hand)
 C - a ring of protection from cold (right hand)
Wands
 s - a wand of iceblast (10)
 w - a wand of flame (9)
Scrolls
 e - 4 scrolls of fear {unknown}
 f - a scroll of amnesia {unknown}
 h - 7 scrolls of identify {unknown}
 i - 2 scrolls of teleportation {unknown}
 o - 5 scrolls of remove curse {unknown}
 q - a scroll of enchant weapon {unknown}
 t - 3 scrolls of blinking {unknown}
 A - a scroll of random uselessness {unknown}
Potions
 c - a potion of might
 g - a potion of heal wounds {unknown}
 k - 2 potions of cancellation {unknown}
 l - 2 potions of stabbing {unknown}
 u - 3 potions of haste {unknown}
 x - a potion of mutation {unknown}
 B - a potion of brilliance {unknown}
Comestibles
 d - 9 rations
 z - 2 chunks of flesh


   Skills:
 + Level 5.9 Fighting
 + Level 4.9 Armour
 + Level 4.9 Shields
 * Level 7.3 Unarmed Combat


You had 7 spell levels left.
You didn't know any spells.
Your spell library contained the following spells:

 Spells                   Type           Power        Failure   Level  Hunger
 Animate Skeleton         Necr           N/A          99%         1    ##.....
 Apportation              Tloc           #.....       99%         1    ##.....
 Corona                   Hex            #......      99%         1    ##.....
 Summon Small Mammal      Summ           #...         99%         1    ##.....
 Sticks to Snakes         Tmut           #.......     100%        2    ###....
 Beastly Appendage        Tmut           Unusable     N/A         1    N/A
 Spider Form              Tmut/Pois      Unusable     N/A         3    N/A
 Ice Form                 Ice/Tmut       Unusable     N/A         4    N/A
 Blade Hands              Tmut           Unusable     N/A         5    N/A

Dungeon Overview and Level Annotations

Branches:
Dungeon (5/15)             Temple (1/1) D:5

Altars:
Ashenzari
Cheibriados
Dithmenos
Elyvilon
Fedhas
Gozag
Hepliaklqana
Kikubaaqudgha
Makhleb
Nemelex Xobeh
Okawaru
Qazlal
Ru
Sif Muna
Uskayaw
Vehumet
Wu Jian
Xom
Yredelemnul
Zin
The Shining One

Shops:
D:4 }


Innate Abilities, Weirdness & Mutations

Your body is rotting away.
You thrive on raw meat.
You are immune to poison.
You have sharp fingernails.
You are carnivorous and can eat meat at any time.
Your flesh is cold resistant. (rC+)
You are immune to negative energy. (rN+++)
You do not regenerate when monsters are visible.
You are immune to unholy pain and torment.
You can survive without breathing.


Message History

You block the hornet's attack.
You miss the hornet.
The hornet is almost dead.
The hornet stings you but does no damage.
The hornet stings you!
* * * LOW HITPOINT WARNING * * *
Your shield and scale mail prevent you from hitting the hornet.
The hornet is almost dead.
The hornet stings you but does no damage.
You hit the hornet but do no damage.
The hornet is almost dead.
The hornet stings you.
* * * LOW HITPOINT WARNING * * *
You closely miss the hornet.
The hornet is almost dead.
The hornet stings you but does no damage. x2
You closely miss the hornet.
The hornet is almost dead.
The hornet stings you!
You die...

#.# .# #. #.##.##. #.########.#
# #.##.... #........#.#
#..#.##. ########.#.# ###
##.#.#.. ..........# #..
#...#.. #######.###.#.# ##..#..
###.....#.# # #..##.
..#....####.###.# ##.#..
..........##..@y.# #.#..
....#..#...#..##<..# #.#..
..............#############.#..
..#......#..#.....((..)........
.................(#########..).
.....................# #....
..#......#..#####.##.######....
........... #........##.#..
..#..#.....# #..#.###.##.#.>


You could see a hornet.

Vanquished Creatures
  Grinder (D:4)
  Duvessa (D:4)
  2 ogres (D:4)
  2 centaurs (D:5)
  A crocodile (Temple)
  Dowan (D:4)
  A scorpion (D:5)
  2 hounds (D:4)
  An orc priest (D:4)
  A gnoll shaman (D:2)
  2 orc wizards (D:3)
  An iguana (D:5)
  3 worker ants
  A hound skeleton (D:5)
  4 gnolls
  9 adders
  A dart slug (D:4)
  17 orcs
  5 giant cockroaches
  8 goblins
  5 hobgoblins
  3 jackals (D:3)
  2 quokkas (D:3)
  7 bats
  3 frilled lizards
  4 kobolds
  A leopard gecko skeleton (D:4)
  15 rats
104 creatures vanquished.

Notes
Turn   | Place    | Note
-------+----------+-------------------------------------------
     0 | D:1      | ReteAZ the Ghoul Fighter began the quest for the Orb.
     0 | D:1      | Reached XP level 1. HP: 19/19 MP: 0/0
   150 | D:1      | Reached XP level 2. HP: 22/26 MP: 1/1
   568 | D:2      | Reached skill level 3 in Unarmed Combat
   568 | D:2      | Reached XP level 3. HP: 24/31 MP: 2/2
   607 | D:2      | Found an opulent altar of Gozag.
   946 | D:2      | Found a sparkling altar of Nemelex Xobeh.
   946 | D:2      | Found a radiant altar of Vehumet.
  1034 | D:2      | Reached XP level 4. HP: 24/40 MP: 3/3
  1101 | D:2      | Reached XP level 5. HP: 34/46 MP: 4/4
  1507 | D:3      | Reached skill level 4 in Unarmed Combat
  1828 | D:3      | Found a blossoming altar of Fedhas.
  1852 | D:3      | Reached XP level 6. HP: 47/52 MP: 5/5
  2004 | D:3      | Found an ornate altar of the Wu Jian Council.
  2005 | D:3      | Found a shimmering blue altar of Sif Muna.
  2005 | D:3      | Found a basalt altar of Yredelemnul.
  2009 | D:3      | Found a shadowy altar of Dithmenos.
  2136 | D:3      | Found a hide-covered altar of Uskayaw.
  2136 | D:3      | Found an opulent altar of Gozag.
  2411 | D:4      | Noticed Grinder
  2434 | D:4      | Paralysed by something for 6 turns
  2454 | D:4      | Paralysed by something for 4 turns
  2469 | D:4      | Paralysed by something for 5 turns
  2486 | D:4      | Killed Grinder
  2486 | D:4      | Reached skill level 5 in Unarmed Combat
  2486 | D:4      | Reached XP level 7. HP: 7/59 MP: 6/6
  2693 | D:4      | Found Seopiyrgh's Gadget Shoppe.
  2706 | D:4      | Bought a wand of iceblast (10) for 154 gold pieces
  2740 | D:4      | Reached skill level 5 in Fighting
  2885 | D:4      | Found a glowing silver altar of Zin.
  3079 | D:4      | Reached skill level 6 in Unarmed Combat
  3095 | D:4      | Noticed Dowan
  3096 | D:4      | Noticed Duvessa
  3171 | D:4      | Killed Duvessa
  3351 | D:4      | Killed Dowan
  3351 | D:4      | Reached XP level 8. HP: 67/67 MP: 7/7
  3817 | D:5      | Entered Level 5 of the Dungeon
  3932 | D:5      | Found a staircase to the Ecumenical Temple.
  3960 | Temple   | Entered the Ecumenical Temple
  3965 | Temple   | Reached skill level 7 in Unarmed Combat
  3970 | Temple   | Became a worshipper of Makhleb the Destroyer
  4536 | D:5      | Noticed a hornet
  4561 | D:5      | Slain by a hornet

Levels and vault maps discovered:
D:1:      wheals_arrival_shading, layout_rooms, serial_corexii_hall,
          chequers_hall_statues_y, chequers_hall_statues_corner_a,
          hangedman_feature_mirror, minmay_misc_feat_ornament,
          hangedman_decor_clover_reticule
D:2:      layout_loops_ring, gammafunk_temple_overflow_elements,
          grunt_gozag_statues
D:3:      layout_loops_corners, minitemple, gammafunk_temple_overflow_wave
D:4:      layout_loops_ring, nicolae_overflow_crystal_walls, serial_shops, shop,
          minmay_ruptured, uniq_duvessa, uniq_grinder
D:5:      layout_basic, minmay_temple_entry_waves, first_ration,
          minmay_misc_feat_plants, cheibrodos_gnoll_hut
Temple:   minmay_freezing_vapour_temple

Skill      XL: |  1  2  3  4  5  6  7  8 |
---------------+-------------------------+-----
Unarmed Combat | 3 4 5 6 7 |  7.3
Armour         | 3 4 |  4.9
Shields        | 3 4 |  4.9
Fighting       | 4 5 |  5.9

Action                   |  1- 3 |  4- 6 |  7- 9 || total
-------------------------+-------+-------+-------++-------
Melee: Unarmed           |   146 |   221 |   163 ||   530
Throw: Dart              |       |       |    24 ||    24
       Boomerang         |       |       |    14 ||    14
  Use: Potion            |       |     1 |       ||     1
  Eat: Chunk             |     7 |    14 |    15 ||    36
Armor: Scale mail        |    96 |    86 |    61 ||   243
Dodge: Dodged            |    46 |    54 |    47 ||   147
Block: Kite shield       |    77 |    90 |    62 ||   229

Table legend:
 A = Non-vault XP
 B = Vault XP
 C = Vault XP percentage of total XP
 D = Non-vault monster count
 E = Vault monster count
 F = Vault count percentage of total count
                 A         B        C        D         E       F
            +---------+---------+-------+---------+---------+-------
      Total |    1321 |     552 |  29.5 |      99 |       5 |   4.8
            +---------+---------+-------+---------+---------+-------
        D:1 |      57 |       0 |   0.0 |      21 |       0 |   0.0
        D:2 |     112 |       0 |   0.0 |      17 |       0 |   0.0
        D:3 |     201 |       0 |   0.0 |      37 |       0 |   0.0
        D:4 |     463 |     552 |  54.4 |      17 |       5 |  22.7
        D:5 |     387 |       0 |   0.0 |       6 |       0 |   0.0
     Temple |     101 |       0 |   0.0 |       1 |       0 |   0.0
            +---------+---------+-------+---------+---------+-------
